 Dungeon Crawl Stone Soup version 0.29-a0-993-g4a18f31a58 (webtiles) character file.

Game seed: 259473560034836730

1603696 greasedhog the Petrodigitator (level 27, 179/179 HPs)
             Began as a Gargoyle Earth Elementalist on Aug 1, 2022.
             Was the Champion of Vehumet.
             Escaped with the Orb
             ... and 3 runes on Aug 3, 2022!
             The game lasted 04:24:55 (75522 turns).

greasedhog the Petrodigitator (GrEE)               Turns: 75522, Time: 04:24:56

Health: 179/179    AC: 33    Str: 15      XL:     27
Magic:  54/54      EV: 20    Int: 30 (38) God:    Vehumet [******]
Gold:   2980       SH:  0    Dex: 12      Spells: 14/62 levels left

rFire   + + .      SeeInvis +   T - staff of earth
rCold   + + .      Faith    .   (no shield)
rNeg    + . .      Spirit   .   C - +2 robe {Will+}
rPois   ∞          Reflect  .   P - +2 hat
rElec   +          Harm     .   o - +2 cloak
rCorr   .          Rampage  .   y - +0 pair of gloves "Hero's Friend" {Contam Regen+ Int+9 Stlth+}
Will    +++..                   u - +2 pair of boots
Stlth   ++........              Y - amulet of Vitality {RegenMP++ Regen++}
HPRegen 2.79/turn               K - ring "Ziekuoc" {rF+ Int+2 Dex+2 SInv}
MPRegen 1.14/turn               Z - ring "Eplyero" {Contam rPois rF+ rC++ MP+9}

@: sluggish, liquefying, flying, studying 3 skills, slowed movement, very slow
A: sickness immunity, AC +20, big wings, negative energy resistance 1,
electricity resistance, torment resistance 1, petrification resistance,
deterioration 1, mutation resistance 1
0: Orb of Zot
}: 3/15 runes: decaying, serpentine, silver
a: Renounce Religion


You escaped.
You worshipped Vehumet.
Vehumet was exalted by your worship.
You visited 10 branches of the dungeon, and saw 47 of its levels.
You also visited: Trove, Sewer and Desolation.

You collected 8657 gold pieces.
You spent 5677 gold pieces at shops.

Inventory:

Armour
 o - a +2 cloak (worn)
 u - a +2 pair of boots (worn)
 y - the +0 pair of gloves "Hero's Friend" (worn) {Contam Regen+ Int+9 Stlth+}
   (You acquired it on level 5 of the Vaults)

   Int:       It affects your intelligence (+9).
   Contam:    It causes magical contamination when unequipped.
   Regen:     It increases your rate of health regeneration.
   Stlth:     It makes you more stealthy.
 C - a +2 robe of willpower (worn)
 P - a +2 hat (worn)
 V - an orb of energy
Magical Staves
 T - a staff of earth (weapon)
Jewellery
 g - a ring of positive energy
 i - an amulet of the acrobat
 l - the ring "Pomam" {rElec rC+ Dex+6 Slay+3}
   (You took it off a tengu warrior on level 3 of the Depths)

   [ring of dexterity]

   Dex:       It affects your dexterity (+6).
   Slay:      It affects your accuracy & damage with ranged weapons and melee
   (+3).
   rC:        It protects you from cold.
   rElec:     It insulates you from electricity.
 K - the ring "Ziekuoc" (left hand) {rF+ Int+2 Dex+2 SInv}
   (You found it on level 3 of the Vaults)

   [ring of see invisible]

   Int:       It affects your intelligence (+2).
   Dex:       It affects your dexterity (+2).
   rF:        It protects you from fire.
   SInv:      It lets you see invisible.
 L - the ring of Ovuhi {Ice rCorr Str+4 Int-5 Stlth+}
   (You took it off Josephina on level 3 of the Depths)

   [ring of ice]

   It enhances your ice magic.
   Str:       It affects your strength (+4).
   Int:       It affects your intelligence (-5).
   rF:        It makes you vulnerable to fire.
   rC:        It protects you from cold.
   rCorr:     It protects you from acid and corrosion.
   Stlth:     It makes you more stealthy.
 Q - a ring of protection from cold
 Y - the amulet of Vitality (around neck) {RegenMP++ Regen++}
   (You bought it in a shop on level 4 of the Snake Pit)

   [amulet of magic regeneration]

   It increases your rate of magic regeneration.
   Regen:     It increases your rate of health regeneration.
 Z - the ring "Eplyero" (right hand) {Contam rPois rF+ rC++ MP+9}
   (You bought it in a shop on level 3 of the Vaults)

   [ring of poison resistance]

   rF:        It protects you from fire.
   rC:        It greatly protects you from cold.
   rPois:     It protects you from poison.
   MP:        It affects your magic capacity (+9).
   Contam:    It causes magical contamination when unequipped.
Wands
 d - a wand of quicksilver (17)
 s - a wand of roots (18)
 t - a wand of polymorph (18)
 B - a wand of digging (28)
 E - a wand of charming (25)
 G - a wand of flame (113)
 W - a wand of mindburst (13)
Scrolls
 e - 3 scrolls of fog
 h - 10 scrolls of poison
 m - 2 scrolls of brand weapon
 r - 14 scrolls of enchant weapon
 v - a scroll of summoning
 A - 6 scrolls of enchant armour
 D - 9 scrolls of magic mapping
 F - 6 scrolls of immolation
 J - 4 scrolls of amnesia
 M - 16 scrolls of teleportation
 N - 2 scrolls of silence
 O - 7 scrolls of blinking
 X - 5 scrolls of fear
Potions
 a - 4 potions of resistance
 b - 2 potions of magic
 c - 9 potions of berserk rage
 f - 9 potions of haste
 j - 16 potions of cancellation
 k - 14 potions of curing
 n - 5 potions of heal wounds
 p - 4 potions of mutation
 q - 11 potions of might
 w - 4 potions of ambrosia
 x - 8 potions of lignification
 z - 7 potions of brilliance
 H - 7 potions of invisibility
Miscellaneous
 R - a phial of floods
 S - a lightning rod (4/4)
 U - a condenser vane


   Skills:
 - Level 20.0 Fighting
 - Level 5.0 Staves
 * Level 18.5 Dodging
 - Level 12.4 Stealth
 * Level 18.4 Spellcasting
 * Level 19.3 Conjurations
 - Level 4.0 Hexes
 - Level 4.0 Translocations
 - Level 0.7 Transmutations
 O Level 27 Earth Magic
 - Level 18.6 Evocations


You had 14 spell levels left.
You knew the following spells:

 Your Spells              Type           Power      Damage    Failure   Level
a - Shatter               Erth           68%        3d50*     1%          9
b - Stone Arrow           Conj/Erth      100%       3d13      0%          3
c - Swiftness             Air            27%        N/A       4%          3
d - Passwall              Tmut/Erth      87%        N/A       0%          2
e - Dazzling Flash        Conj/Hex       100%       N/A       1%          3
f - Lee's Rapid Deconstr  Erth           68%        3d32*     0%          5
g - Iron Shot             Conj/Erth      64%        9d12      0%          6
h - Lehudib's Crystal Sp  Conj/Erth      64%        10d15     1%          8
i - Apportation           Tloc           100%       N/A       1%          1
j - Blink                 Tloc           100%       N/A       1%          2
k - Leda's Liquefaction   Hex/Erth       55%        N/A       1%          4
l - Wereblood             Tmut           31%        N/A       1%          2

Your spell library contained the following spells:

 Spells                   Type           Power      Damage    Failure   Level
 Polar Vortex             Ice            13%        N/A       100%        9
 Sandblast                Erth           100%       2d20      0%          1
 Beastly Appendage        Tmut           62%        N/A       1%          1
 Foxfire                  Conj/Fire      100%       2x1d9     1%          1
 Necrotise                Necr           100%       1d9       1%          1
 Sting                    Tmut/Pois      100%       1d8       1%          1
 Summon Small Mammal      Summ           100%       N/A       1%          1
 Poisonous Vapours        Pois/Air       54%        N/A       1%          2
 Static Discharge         Conj/Air       72%        3-12/arc  1%          2
 Confusing Touch          Hex            51%        N/A       1%          3
 Conjure Flame            Conj/Fire      72%        6-21      1%          3
 Frozen Ramparts          Ice            54%        1d13      1%          3
 Gell's Gravitas          Tloc           51%        N/A       1%          3
 Ignite Poison            Fire/Tmut/Pois 29%        N/A       1%          3
 Lesser Beckoning         Tloc           51%        N/A       1%          3
 Mephitic Cloud           Conj/Pois/Air  60%        N/A       1%          3
 Portal Projectile        Hex/Tloc       100%       N/A       1%          3
 Summon Guardian Golem    Hex/Summ       39%        N/A       1%          3
 Teleport Other           Tloc           51%        N/A       1%          3
 Animate Armour           Summ/Erth      100%       N/A       1%          4
 Fulminant Prism          Conj/Hex       39%        3d18      1%          4
 Hailstorm                Conj/Ice       72%        3d15      1%          4
 Iskenderun's Mystic Bla  Conj/Tloc      78%        2d16      1%          4
 Petrify                  Tmut/Erth      100%       N/A       1%          4
 Sticky Flame             Conj/Fire      72%        2d9       1%          4
 Borgnjor's Vile Clutch   Necr/Erth      52%        N/A       1%          5
 Freezing Cloud           Conj/Ice/Air   30%        6-21      1%          5
 Irradiate                Conj/Tmut      36%        3d23      1%          5
 Lightning Bolt           Conj/Air       36%        1d54      1%          5
 Starburst                Conj/Fire      36%        6d11      1%          6
 Cause Fear               Hex            25%        N/A       2%          4
 Spider Form              Tmut/Pois      29%        N/A       3%          3
 Call Canine Familiar     Summ           27%        N/A       4%          3
 Ozocubu's Armour         Ice            27%        N/A       4%          3
 Airstrike                Air            13%        2d(2-18)  4%          4
 Olgreb's Toxic Radiance  Pois           27%        N/A       4%          4
 Yara's Violent Unravell  Hex/Tmut       20%        3d9       4%          5
 Spellforged Servitor     Conj/Summ      36%        N/A       7%          7
 Ice Form                 Ice/Tmut       29%        N/A       13%         4
 Animate Dead             Necr           27%        N/A       14%         4
 Corpse Rot               Necr/Pois/Air  27%        N/A       14%         4
 Dispel Undead            Necr           27%        3d13      14%         4
 Summon Ice Beast         Ice/Summ       27%        N/A       14%         4
 Summon Lightning Spire   Summ/Air       27%        N/A       14%         4
 Silence                  Hex/Air        19%        N/A       19%         5
 Summon Forest            Summ/Tloc      19%        N/A       19%         5
 Summon Mana Viper        Hex/Summ       39%        N/A       19%         5
 Blade Hands              Tmut           15%        N/A       30%         5
 Agony                    Necr           27%        N/A       38%         5
 Eringya's Noxious Bog    Tmut/Pois      14%        N/A       43%         6
 Death Channel            Necr           13%        N/A       92%         6
 Malign Gateway           Summ/Tloc      19%        N/A       99%         7
 Chain Lightning          Conj/Air       36%        3d48      99%         9
 Fire Storm               Conj/Fire      36%        8d9       99%         9
 Dragon Form              Tmut           15%        N/A       100%        7
 Haunt                    Necr/Summ      13%        N/A       100%        7
 Monstrous Menagerie      Summ           13%        N/A       100%        7
 Storm Form               Tmut/Air       14%        N/A       100%        7
 Summon Hydra             Summ           13%        N/A       100%        7
 Borgnjor's Revivificati  Necr           13%        N/A       100%        8
 Disjunction              Tloc           25%        N/A       100%        8
 Ignition                 Fire           13%        3d6       100%        8
 Maxwell's Capacitive Co  Air            13%        ∞         100%        8
 Summon Horrible Things   Summ           13%        N/A       100%        8
 Death's Door             Necr           13%        N/A       100%        9
 Dragon's Call            Summ           13%        N/A       100%        9
 Statue Form              Tmut/Erth      Unusable   N/A       N/A         6
 Sublimation of Blood     Necr           Unusable   N/A       N/A         2

Dungeon Overview and Level Annotations

Branches:
Dungeon (15/15)            Temple (1/1) D:6            Lair (5/5) D:10
  Swamp (4/4) Lair:2        Snake (4/4) Lair:2        Slime (0/5) Lair:4
    Orc (2/2) D:10            Elf (2/3) Orc:2        Vaults (5/5) D:13
  Crypt (0/3) Vaults:3     Depths (4/4) D:15            Zot (5/5) Depths:4
  Sewer (visited)         Desolation (visited)

Altars:
Ashenzari
Cheibriados
Dithmenos
Elyvilon
Fedhas
Gozag
Hepliaklqana
Kikubaaqudgha
Makhleb
Nemelex Xobeh
Okawaru
Qazlal
Ru
Sif Muna
Trog
Uskayaw
Vehumet
Wu Jian
Xom
Yredelemnul
Zin
The Shining One
Jiyva

Shops:
D:13 ((*   Orc:2 !?=!   Snake:2 :=:   Snake:4 [=(?*   Vaults:3 ==   Vaults:5 *
Depths:4 :(=[(

Portals:
Hell: Depths:1 Depths:2 Depths:3 Depths:4
Abyss: Depths:3 Depths:4
Pandemonium: Depths:2
Ziggurat: Depths:2

Annotations:
Swamp:1 Atuuduag's ghost, adept OgGl; Juher's ghost, adept DDFi
Swamp:2 Cibudwam's ghost, adept GrBe; Ziutun's ghost, adept GnGl
Elf:2 3 runed translucent doors
Depths:3 1 runed translucent door, ragingrage's ghost, veteran GrAr
Zot:2 2 transporters, Foeck's ghost, veteran TrCK


Innate Abilities, Weirdness & Mutations

You are immune to sickness and miasma.
Your stone body is resilient. (AC +20)
You are immune to poison.
Your large and strong wings let you fly.
You resist negative energy. (rN+)
You are resistant to electric shocks. (rElec)
You are resistant to unholy torment.
You are immune to petrification.
Your body sometimes deteriorates upon taking damage.
You are somewhat resistant to further mutation.


Message History

Things that are here:
a +0 animal skin; a +0 dagger You see here a +1 dagger of electrocution.
You start to feel a little slower.
You feel sluggish.
There is a stone staircase leading up here.
You fly upwards.
The ground is no longer liquid beneath you.
There is a stone staircase leading down here.
Casting: Swiftness (mildly dangerous; 4% risk of failure)
Confirm with . or Enter, or press ? or * to list all spells.
You feel a surge of power!
The ground around you becomes liquefied!
You start to feel a little faster.
You no longer feel sluggish.
A smoke demon comes into view.
The smoke demon roars!
The smoke demon gestures at you.
The ball of steam hits you but does no damage.
You resist.
The smoke demon moves out of view.
The smoke demon gestures at you.
The sticky flame hits you but does no damage.
You are covered in liquid flames!
You are covered in liquid flames!
There is a stone staircase leading up here.
You are covered in liquid flames!
You are no longer on fire.
HP restored.
The smoke demon gestures at you.
The ball of steam hits you but does no damage.
You resist.
You fly upwards.
There is a stone staircase leading down here.
Casting: Leda's Liquefaction (safe; 1% risk of failure)
Confirm with . or Enter, or press ? or * to list all spells.
You feel quick.
You start to feel a little slower.
You feel sluggish.
There is a staircase leading out of the dungeon here.
You have escaped!

########....##...........#P....P.
.....# ##.............##.#......P
.....####.####....###.#.#....PP.P
.......>.......§§§.§#.#.#........
...####.....≈≈§≈§§≈§#.#.#..PP[...
............§.§..§§§#...#..P..P..
...##.......≈..§..§.....#####_###
...##.......≈§.§≈.≈.≈§..#.P.P..PP
###.........§..≈@.≈..≈.##........
###....##.#.≈..≈..≈..≈..#........
........#.#.≈≈.≈.≈≈..≈..#........
........#.#....§.....≈..[#...P.P.
........#.#.##§§§....≈..##.P.PP.P
........#.....§§§≈≈§≈§..##......P
........#...............#.##P.P##
........#......)#######.#..#...#.
......................#.#...###..


There were no monsters in sight!

Vanquished Creatures
  Mara (Depths:3)
  4 ancient liches
  4 orbs of fire (Zot:5)
  A juggernaut (Depths:3)
  the Lernaean hydra (Swamp:4)
  Josephina (Depths:3)
  5 Killer Klowns (Zot:5)
  A curse toe (Zot:1)
  4 caustic shrikes (Depths:4)
  13 golden dragons
  3 pandemonium lords
  Jory (Depths:2)
  3 bone dragons (Depths:4)
  5 electric golems
  17 tentacled monstrosities
  Jorgrun (Orc:2)
  A walking crystal tome (Depths:3)
  4 liches
  4 titans
  7 quicksilver dragons
  25 Orb Guardians
  2 Executioners
  4 sphinxes
  Gastronok (Lair:1)
  13 shadow dragons
  10 storm dragons
  A thorn hunter (Swamp:3)
  11 death cobs
  9 tengu reavers
  6 nagarajas
  4 draconian knights
  21 vault wardens
  8 draconian monks
  5 fire giants
  12 frost giants
  9 draconian scorchers
  4 orc warlords
  2 deep elf sorcerers (Vaults:5)
  A balrug (Zot:5)
  10 draconian shifters
  9 ghost moths
  8 draconian annihilators
  A cacodemon (D:10)
  20 ironbound preservers
  2 draconian stormcallers
  An imperial myrmidon (Desolation)
  18 stone giants
  4 war gargoyles
  A reaper (D:3)
  35 very ugly things
  2 spriggan defenders (Depths:3)
  9 ironbound thunderhulks
  7 vampire knights
  12 purple draconians
  9 white draconians
  13 red draconians
  A deep elf annihilator (Vaults:5)
  13 green draconians
  17 yellow draconians
  10 black draconians
  4 spark wasps (Depths:3)
  3 halazid warlocks (Desolation)
  2 entropy weavers
  An entropy weaver (shapeshifter) (Depths:3)
  6 dire elephants
  2 eleionomae
  Azrael (D:15)
  A spark wasp (shapeshifter) (Elf:1)
  7 bunyips
  8 eidola (Depths:2)
  3 deep elf death magi
  9 ettins
  4 fire dragons
  3 ragged hierophants (Desolation)
  9 great orbs of eyes
  15 yaktaur captains
  6 deep elf high priests
  4 servants of whispers (Desolation)
  30 vault guards
  2 jiangshi (Depths:2)
  2 shambling mangroves
  20 hydras
  A rakshasa (D:14)
  7 spriggan air magi
  10 peacekeepers
  4 salamander tyrants
  Erolcha (D:9)
  A hell beast (Depths:3)
  A merfolk avatar (Lair:5)
  11 centaur warriors
  4 ice dragons
  A ghost crab (Swamp:4)
  5 boulder beetles
  2 catoblepae
  6 ogre magi
  18 two-headed ogres
  8 ironbound frosthearts
  15 anacondas
  10 naga warriors
  33 dancing weapons
  3 alligators
  3 deep troll shamans
  7 deep troll earth magi
  7 tengu warriors
  4 spriggan berserkers
  A death yak (D:10)
  8 naga sharpshooters
  5 orc high priests
  A vampire mage (Depths:2)
  A shock serpent (shapeshifter) (Vaults:5)
  2 sun demons (Zot:5)
  19 deep elf knights
  A soul eater (Zot:4)
  11 shock serpents
  2 iron trolls
  6 shadow wraiths (Depths:2)
  2 sixfirhies (D:10)
  6 goliath frogs
  6 salamander mystics
  A skeletal warrior (D:13)
  5 spriggan druids
  5 glowing orange brains
  75 deep trolls
  13 swamp dragons
  A death drake (Swamp:4)
  A shadow demon (D:3)
  10 flayed ghosts (Depths:2)
  A cherub (Depths:4)
  14 deep elf archers
  8 naga ritualists
  2 orange crystal statues
  3 sea snakes
  A tengu zombie (Vaults:2)
  A spriggan simulacrum (Depths:3)
  13 bog bodies
  13 wizards
  25 ironbound convokers
  16 orc knights
  10 phantasmal warriors
  16 mana vipers
  13 lindwurms
  2 necromancers
  5 harpies (Vaults:1)
  23 deep elf zephyrmancers
  58 ugly things
  26 deep elf pyromancers
  7 orc sorcerers
  2 human zombies
  A mana viper (shapeshifter) (Vaults:5)
  4 manticores
  A stone giant zombie (Vaults:2)
  5 cyclopes
  18 salamanders
  24 moths of wrath
  A rust devil (D:7)
  Joseph (Lair:1)
  43 black mambas
  6 elephants
  3 gargoyles
  A torpor snail (Swamp:4)
  17 naga magi
  8 guardian serpents
  2 orange demons
  4 molten gargoyles (Desolation)
  4 smoke demons
  21 vault sentinels
  9 cane toads
  A rime drake (shapeshifter) (D:13)
  4 centaur skeletons (D:13)
  2 yaktaur zombies
  2 efreet
  2 kobold demonologists
  3 large abominations (D:4)
  A tormentor (D:4)
  47 yaktaurs
  3 rime drakes
  A komodo dragon (shapeshifter) (D:13)
  9 komodo dragons
  A hellion (Zot:5)
  An unseen horror (D:12)
  A freezing wraith (D:14)
  4 hellwings
  A red devil (Depths:2)
  2 tengu conjurers (Depths:2)
  A bloated husk (Swamp:2)
  A polar bear (shapeshifter) (D:15)
  9 tyrant leeches
  4 trolls
  A tarantella (shapeshifter) (D:14)
  2 wind drakes (Lair:5)
  5 polar bears
  6 meliai (D:13)
  20 hornets
  37 slime creatures
  2 tengu simulacra
  4 dream sheep (Lair:4)
  An iron dragon simulacrum (Depths:3)
  32 saltlings
  13 blink frogs
  3 air elementals (Elf:1)
  12 spriggans
  2 vampires
  A culicivora (Vaults:4)
  Sigmund (D:2)
  4 basilisks
  32 yaks
  2 shadows (D:13)
  7 water elementals
  A wraith (D:12)
  3 fire elementals
  4 wyverns
  6 golden eyes (D:15)
  2 steam dragons
  A neqoxec (Zot:5)
  3 redbacks
  26 vampire mosquitoes
  6 wargs
  A redback (shapeshifter) (Vaults:5)
  39 nagas
  15 water moccasins
  21 swamp worms
  An acid dragon (D:8)
  5 hell hounds
  A floating eye (Depths:2)
  7 swamp drakes
  A black bear (D:10)
  A sky beast (shapeshifter) (Depths:3)
  2 ice beasts
  29 orc warriors
  A sky beast (D:8)
  A black bear (shapeshifter) (Elf:1)
  An elf simulacrum (Vaults:4)
  13 ogres
  8 wolves
  5 boggarts
  A human skeleton (Vaults:4)
  10 centaurs
  A centaur (shapeshifter) (Vaults:3)
  4 phantoms
  8 kobold brigands
  18 bullfrogs
  A gnoll sergeant (D:10)
  4 necrophages
  7 earth elementals
  5 scorpions
  7 wights
  2 glowing shapeshifter simulacra
  A killer bee (D:4)
  7 howler monkeys
  An electric eel (Lair:4)
  4 lava snakes
  A hound (D:6)
  18 orc priests
  A gnoll bouda (D:10)
  6 jellies
  Crazy Yiuf (D:2)
  3 iguanas
  30 orc wizards
  Natasha (thrice) (D:2)
  Terence (D:3)
  Robin (D:3)
  8 gnolls (D:10)
  15 adders
  2 river rats (Sewer)
  14 white imps
  A worm (D:8)
  3 dart slugs
  89 orcs
  2 endoplasms
  2 giant cockroaches
  16 goblins
  9 hobgoblins
  8 jackals
  4 quokkas
  8 ball pythons
  7 bats
  5 frilled lizards
  25 kobolds
  4 rats
2208 creatures vanquished.

Vanquished Creatures (collateral kills)
  A black bear (D:9)
1 creature vanquished.

Vanquished Creatures (others)
  A golden dragon (Zot:4)
  A sphinx (Vaults:3)
  An ironbound preserver (Vaults:3)
  A white draconian (Zot:2)
  A juggernaut simulacrum (Depths:3)
  A swamp dragon (Swamp:4)
  An ugly thing (D:15)
  A yaktaur (Vaults:3)
  An orc priest (Orc:2)
  An orc (Orc:1)
  2 bushes (Snake:2)
  36 fungi
  69 plants
  A withered plant (Swamp:2)
118 creatures vanquished.

Grand Total: 2327 creatures vanquished

Notes
Turn   | Place    | Note
-------+----------+-------------------------------------------
     0 | D:1      | greasedhog the Gargoyle Earth Elementalist began the quest
                  | for the Orb.
     0 | D:1      | Reached XP level 1. HP: 10/10 MP: 3/3
    15 | D:1      | Found a faded altar of an unknown god.
   286 | D:1      | Reached XP level 2. HP: 15/15 MP: 3/5
   584 | D:1      | Reached skill level 4 in Earth Magic
   946 | D:2      | Noticed Natasha
   949 | D:2      | Killed Natasha
   950 | D:2      | Reached XP level 3. HP: 19/19 MP: 2/6
  1088 | D:2      | Noticed Natasha
  1123 | D:2      | Reached XP level 4. HP: 23/24 MP: 2/8
  1193 | D:2      | Killed Natasha
  1249 | D:2      | Found a runed translucent door.
  1250 | D:2      | Noticed Crazy Yiuf
  1285 | D:2      | Noticed Sigmund
  1292 | D:2      | Killed Sigmund
  1293 | D:2      | Reached skill level 5 in Earth Magic
  1293 | D:2      | Reached XP level 5. HP: 18/28 MP: 5/10
  1293 | D:2      | Reached XP level 6. HP: 20/32 MP: 5/11
  1504 | D:2      | Noticed Natasha
  1511 | D:2      | Killed Natasha
  1584 | D:2      | Learned a level 3 spell: Stone Arrow
  1589 | D:2      | Learned a level 4 spell: Petrify
  1759 | D:2      | Killed Crazy Yiuf
  1873 | D:3      | Noticed Terence
  2204 | D:3      | Killed Terence
  2316 | D:3      | Reached skill level 5 in Stealth
  2826 | D:3      | Noticed Robin
  2829 | D:3      | Reached skill level 6 in Earth Magic
  2882 | D:3      | Killed Robin
  3613 | D:4      | Reached XP level 7. HP: 36/36 MP: 11/13
  3631 | D:4      | Found a glowing drain.
  3646 | Sewer    | Entered a sewer
  5030 | D:5      | Entered Level 5 of the Dungeon
  5051 | D:5      | Noticed a wyvern
  5068 | D:5      | Killed a wyvern
  5069 | D:5      | Reached skill level 5 in Spellcasting
  5069 | D:5      | Reached skill level 7 in Earth Magic
  5252 | D:5      | Reached XP level 8. HP: 41/41 MP: 11/16
  5294 | D:5      | Learned a level 2 spell: Passwall
  5367 | D:5      | Reached skill level 8 in Earth Magic
  5827 | D:5      | Reached skill level 9 in Earth Magic
  5833 | D:5      | Found an iron altar of Okawaru.
  5836 | D:5      | Found a basalt altar of Yredelemnul.
  5840 | D:5      | Found a bloodstained altar of Trog.
  5841 | D:5      | Found a shadowy altar of Dithmenos.
  5844 | D:5      | Found a sparkling altar of Nemelex Xobeh.
  5846 | D:5      | Found a white marble altar of Elyvilon.
  5846 | D:5      | Found a shimmering altar of Xom.
  5851 | D:5      | Found a hide-covered altar of Uskayaw.
  5979 | D:5      | Identified the +10 war axe of Courage {vorpal, Will+ rCorr}
  6376 | D:6      | Reached XP level 9. HP: 45/45 MP: 15/19
  6536 | D:6      | Found a staircase to the Ecumenical Temple.
  6548 | Temple   | Entered the Ecumenical Temple
  6677 | Temple   | Became a worshipper of Vehumet
  6970 | D:6      | Reached skill level 10 in Earth Magic
  7264 | D:7      | Noticed a hornet
  7269 | D:7      | Killed a hornet
  7489 | D:7      | Found Zin's Purification Station.
  7489 | D:7      | Found a glowing silver altar of Zin.
  7498 | D:7      | Bought a potion of curing for 90 gold pieces
  7849 | D:7      | Found a flagged portal.
  8410 | D:8      | Reached skill level 11 in Earth Magic
  8830 | D:8      | Found a snail-covered altar of Cheibriados.
  8928 | D:7      | Reached XP level 10. HP: 26/50 MP: 16/22
  9151 | D:8      | Reached skill level 12 in Earth Magic
  9208 | D:8      | Reached * piety under Vehumet
  9208 | D:8      | Offered knowledge of Shock by Vehumet.
  9518 | D:8      | Found a blossoming altar of Fedhas.
  9518 | D:8      | Found a burning altar of Makhleb.
  9645 | D:9      | Found a stormy altar of Qazlal.
  9695 | D:9      | Noticed a two-headed ogre
  9936 | D:9      | Learned a level 3 spell: Dazzling Flash
 10068 | D:9      | Noticed a two-headed ogre
 10075 | D:9      | Killed a two-headed ogre
 10239 | D:9      | Killed a two-headed ogre
 10240 | D:9      | Reached skill level 10 in Spellcasting
 10240 | D:9      | Reached skill level 13 in Earth Magic
 10836 | D:9      | Noticed Erolcha
 10845 | D:9      | Killed Erolcha
 10845 | D:9      | Offered knowledge of Searing Ray by Vehumet.
 11089 | D:10     | Entered Level 10 of the Dungeon
 11094 | D:10     | Reached XP level 11. HP: 54/54 MP: 14/25
 11095 | D:10     | Reached ** piety under Vehumet
 11585 | D:10     | Reached skill level 14 in Earth Magic
 11601 | D:10     | Noticed a two-headed ogre
 11608 | D:10     | Killed a two-headed ogre
 12459 | D:10     | Offered knowledge of Ignite Poison by Vehumet.
 12763 | D:10     | Found a staircase to the Orcish Mines.
 12777 | D:10     | Reached *** piety under Vehumet
 13016 | D:10     | Offered knowledge of Inner Flame by Vehumet.
 13163 | D:10     | Found a staircase to the Lair.
 13163 | D:10     | Noticed a death yak
 13200 | D:10     | Killed a death yak
 13303 | D:10     | Reached skill level 15 in Earth Magic
 13318 | D:10     | Reached skill level 1 in Fighting
 13318 | D:10     | Reached skill level 1 in Conjurations
 13590 | Lair:1   | Entered Level 1 of the Lair of Beasts
 13598 | Lair:1   | Noticed a six-headed hydra
 14011 | D:11     | You fall into a shaft and drop 1 floor!
 14049 | D:11     | Noticed a two-headed ogre
 14053 | D:11     | Killed a two-headed ogre
 14171 | D:11     | Noticed a tengu warrior
 14364 | D:11     | HP: 2/58 [tengu warrior/arrow (18)]
 14715 | D:11     | Killed a tengu warrior
 15078 | D:11     | Noticed a five-headed hydra
 15087 | D:11     | Killed a five-headed hydra
 15306 | D:11     | Noticed a seven-headed hydra
 15326 | D:11     | Killed a seven-headed hydra
 15327 | D:11     | Reached XP level 12. HP: 66/66 MP: 5/28
 15894 | Lair:1   | Killed a six-headed hydra
 16048 | Lair:1   | Noticed Joseph
 16058 | Lair:1   | Killed Joseph
 16498 | Lair:1   | You fall into a shaft and drop 1 floor!
 16498 | Lair:2   | Found a shadowy altar of Dithmenos.
 16547 | Lair:2   | Reached skill level 5 in Fighting
 16548 | Lair:2   | Reached skill level 5 in Conjurations
 16646 | Lair:2   | Identified the +7 glaive "Zawo" {freeze, rN++ Will- Int+7}
 17087 | Lair:1   | Noticed Gastronok
 17098 | Lair:1   | Killed Gastronok
 17427 | Lair:1   | Reached **** piety under Vehumet
 17802 | Lair:1   | Offered knowledge of Lee's Rapid Deconstruction by Vehumet.
 17809 | Lair:1   | Learned a level 5 spell: Lee's Rapid Deconstruction
 18799 | Lair:2   | Reached skill level 5 in Dodging
 18937 | Lair:2   | Found a staircase to the Snake Pit.
 19016 | Lair:2   | Found a staircase to the Swamp.
 19436 | Lair:3   | Noticed a catoblepas
 19451 | Lair:2   | Killed a catoblepas
 19452 | Lair:2   | Reached XP level 13. HP: 61/78 MP: 15/29
 21315 | Lair:4   | Reached skill level 1 in Evocations
 21414 | Lair:4   | Found a staircase to the Slime Pits.
 21985 | Lair:4   | Found a viscous altar of Jiyva.
 22161 | Lair:5   | Entered Level 5 of the Lair of Beasts
 23724 | Lair:5   | Reached skill level 10 in Fighting
 23830 | Lair:5   | Reached skill level 16 in Earth Magic
 23892 | Lair:5   | Reached ***** piety under Vehumet
 23892 | Lair:5   | Offered knowledge of Iron Shot by Vehumet.
 23893 | Lair:5   | Gained mutation: Your large and strong wings let you fly.
                  | [Gargoyle growth]
 23893 | Lair:5   | Reached XP level 14. HP: 72/88 MP: 5/30
 23904 | Lair:5   | Upgraded the game from 0.29-a0-973-gac7da5f7f0 to
                  | 0.29-a0-982-gaed3a0c8d8
 23932 | Lair:4   | Learned a level 6 spell: Iron Shot
 24218 | Lair:5   | Got Oshihag's Treatise on Mortification and Glamour
 24646 | Lair:5   | Found a hide-covered altar of Uskayaw.
 24647 | Lair:5   | Found an ornate altar of the Wu Jian Council.
 25373 | Orc:1    | Entered Level 1 of the Orcish Mines
 25725 | Orc:1    | Reached skill level 5 in Evocations
 26608 | Orc:1    | Noticed an orc warlord
 27251 | Orc:1    | Identified the +9 flail of Precise Incision {drain, rPois}
 27259 | Orc:1    | Identified the amulet "Ypneg" {Faith rN++ Stlth-}
 27268 | Orc:1    | Killed an orc warlord
 27635 | Orc:1    | Noticed an orc warlord
 27757 | Orc:1    | Killed an orc warlord
 28147 | Orc:2    | Entered Level 2 of the Orcish Mines
 28264 | Orc:2    | Found a staircase to the Elven Halls.
 28642 | Orc:2    | Noticed Jorgrun
 28659 | Orc:2    | Killed Jorgrun
 29945 | Orc:2    | Reached skill level 17 in Earth Magic
 30345 | Orc:2    | Found Uxerof's Distillery.
 30349 | Orc:2    | Found Giurihuph's Jewellery Shop.
 30354 | Orc:2    | Bought a potion of berserk rage for 60 gold pieces
 30354 | Orc:2    | Bought a potion of invisibility for 96 gold pieces
 30354 | Orc:2    | Bought a potion of heal wounds for 60 gold pieces
 30354 | Orc:2    | Bought a potion of flight for 36 gold pieces
 30357 | Orc:2    | Found Hizxi's Distillery.
 30359 | Orc:2    | Found Cynar's Magic Scroll Shoppe.
 30368 | Orc:2    | Bought a scroll of identify for 26 gold pieces
 30368 | Orc:2    | Bought a scroll of identify for 26 gold pieces
 30368 | Orc:2    | Bought a scroll of fear for 52 gold pieces
 30368 | Orc:2    | Bought a scroll of identify for 26 gold pieces
 30368 | Orc:2    | Bought a scroll of teleportation for 39 gold pieces
 30499 | Orc:2    | Bought an amulet of magic regeneration for 480 gold pieces
 30547 | Elf:1    | Entered Level 1 of the Elven Halls
 30621 | Elf:1    | Paralysed by an air elemental for 1 turns
 30624 | Elf:1    | Paralysed by an air elemental for 1 turns
 31149 | Snake:1  | Entered Level 1 of the Snake Pit
 31219 | Snake:1  | Reached XP level 15. HP: 92/92 MP: 31/31
 32155 | Snake:1  | Offered knowledge of Spellforged Servitor by Vehumet.
 32702 | Snake:2  | Noticed a nagaraja
 32707 | Snake:2  | Reached skill level 18 in Earth Magic
 32711 | Snake:2  | Killed a nagaraja
 33471 | Snake:2  | Noticed a nagaraja
 33487 | Snake:2  | Killed a nagaraja
 33523 | Snake:2  | Reached skill level 10 in Dodging
 34721 | Snake:2  | Reached XP level 16. HP: 99/99 MP: 32/32
 35082 | Snake:2  | Found Guicis's Book Emporium.
 35083 | Snake:2  | Found Anee's Jewellery Shop.
 35084 | Snake:2  | Found Gelapnogio's Book Emporium.
 35090 | Snake:2  | Bought a book of Armaments for 468 gold pieces
 35094 | Snake:2  | Bought Mafiogex's Incunabulum of Maledictive Orientation
                  | for 390 gold pieces
 35103 | Snake:2  | Learned a level 8 spell: Lehudib's Crystal Spear
 35105 | Snake:2  | Learned a level 1 spell: Apportation
 35108 | Snake:2  | Learned a level 2 spell: Blink
 35494 | Snake:3  | Noticed a nagaraja
 35506 | Snake:3  | Killed a nagaraja
 35506 | Snake:3  | Offered knowledge of Eringya's Noxious Bog by Vehumet.
 35893 | Snake:3  | Learned a level 4 spell: Leda's Liquefaction
 36140 | Snake:3  | Reached skill level 19 in Earth Magic
 36831 | Snake:4  | Entered Level 4 of the Snake Pit
 37253 | Snake:4  | Found Peqibug's Assorted Antiques.
 37280 | Snake:4  | Reached skill level 10 in Evocations
 37365 | Snake:4  | Found Syeleth's Magic Scroll Shoppe.
 37370 | Snake:4  | Bought a scroll of identify for 26 gold pieces
 37370 | Snake:4  | Bought a scroll of brand weapon for 123 gold pieces
 37370 | Snake:4  | Bought a scroll of identify for 26 gold pieces
 37544 | Snake:4  | Found Igule's Jewellery Emporium.
 37557 | Snake:4  | Reached skill level 1 in Translocations
 37561 | Snake:4  | Reached skill level 1 in Hexes
 37640 | Snake:4  | Found Vecliufa's Antique Armour Boutique.
 37926 | Snake:4  | Noticed a nagaraja
 37932 | Snake:4  | Killed a nagaraja
 38157 | Snake:4  | Offered knowledge of Irradiate by Vehumet.
 38597 | Snake:4  | Found Koosilaa's Antique Weapon Shoppe.
 39025 | Snake:4  | Noticed a nagaraja
 39029 | Snake:4  | Killed a nagaraja
 39110 | Snake:4  | Noticed a nagaraja
 39144 | Snake:4  | Killed a nagaraja
 39292 | Snake:4  | Reached XP level 17. HP: 80/108 MP: 33/33
 39499 | Snake:4  | Reached skill level 10 in Conjurations
 39685 | Snake:4  | Reached skill level 20 in Earth Magic
 39704 | Snake:4  | Got a serpentine rune of Zot
 40332 | Elf:1    | Identified the +1 robe of the New World {MP+9 SInv}
 40358 | Elf:1    | Paralysed by an air elemental for 1 turns
 40508 | Elf:1    | Offered knowledge of Iskenderun's Battlesphere by Vehumet.
 41946 | Elf:2    | Reached XP level 18. HP: 103/116 MP: 7/34
 42018 | Elf:2    | Found a runed translucent gate.
 42018 | Elf:2    | Found a runed translucent gate.
 42018 | Elf:2    | Found a runed translucent gate.
 42503 | Elf:2    | Found a runed translucent gate.
 42504 | Elf:2    | Found a runed translucent gate.
 42504 | Elf:2    | Found a runed translucent gate.
 42876 | Elf:2    | Reached skill level 21 in Earth Magic
 43319 | Elf:2    | Offered knowledge of Ozocubu's Refrigeration by Vehumet.
 44025 | Swamp:1  | Entered Level 1 of the Swamp
 45742 | Swamp:2  | Found a runed translucent gate.
 45742 | Swamp:2  | Found a runed translucent gate.
 45742 | Swamp:2  | Found a runed translucent gate.
 45790 | Swamp:2  | Noticed Atuuduag's ghost (adept OgGl)
 45790 | Swamp:2  | Noticed Ziutun's ghost (adept GnGl)
 45790 | Swamp:2  | Noticed Juher's ghost (adept DDFi)
 45790 | Swamp:2  | Noticed Cibudwam's ghost (adept GrBe)
 45791 | Swamp:2  | Found the brooch of Shielding {Spirit SH+8}
 46552 | Swamp:3  | Reached skill level 10 in Stealth
 47018 | Swamp:3  | Offered knowledge of Orb of Destruction by Vehumet.
 47027 | Swamp:3  | Reached skill level 15 in Fighting
 47308 | Swamp:4  | Entered Level 4 of the Swamp
 47843 | Swamp:4  | Reached XP level 19. HP: 71/124 MP: 32/35
 48763 | Swamp:4  | Upgraded the game from 0.29-a0-982-gaed3a0c8d8 to
                  | 0.29-a0-993-g4a18f31a58
 48853 | Swamp:4  | Noticed the 27-headed Lernaean hydra
 48982 | Swamp:4  | Killed the 27-headed Lernaean hydra
 49208 | Swamp:4  | Reached skill level 22 in Earth Magic
 49271 | Swamp:4  | Got a decaying rune of Zot
 50986 | D:13     | Found Riogon's Assorted Antiques.
 50995 | D:13     | Bought a pair of runed gloves for 195 gold pieces
 51269 | D:13     | Found Keruffibb's Weapon Boutique.
 51423 | D:13     | Found Wiegiwn's Weapon Boutique.
 51842 | D:13     | Identified the +4 halberd of Xorudul {venom, rC- Int+2
                  | Dex+6}
 51875 | D:13     | Found a gate to the Vaults.
 51960 | D:13     | Reached ****** piety under Vehumet
 53831 | D:14     | Reached skill level 1 in Staves
 54860 | D:15     | Entered Level 15 of the Dungeon
 54987 | D:15     | Reached XP level 20. HP: 48/129 MP: 24/36
 55136 | D:15     | Reached skill level 15 in Conjurations
 55220 | D:15     | Noticed Azrael
 55461 | D:15     | Offered knowledge of Shatter by Vehumet.
 55461 | D:15     | Offered knowledge of Polar Vortex by Vehumet.
 55461 | D:15     | Offered knowledge of Ignition by Vehumet.
 55550 | D:15     | Identified the +10 rapier of Transparent Punishment {drain,
                  | Will+ Str+3 Int+4 Dex-2}
 55638 | D:15     | Found a shimmering altar of Xom.
 55651 | D:15     | Learned a level 9 spell: Shatter
 55780 | D:15     | Found a staircase to the Depths.
 55827 | D:15     | Killed Azrael
 56271 | Vaults:1 | Entered Level 1 of the Vaults
 56432 | Vaults:1 | Identified the +9 falchion "Menum" {pain, +Blink Will-
                  | Int+9 Stlth+}
 56535 | Vaults:1 | Identified a scroll of acquirement
 56541 | Vaults:1 | Acquired 861 gold pieces
 56796 | Snake:4  | Bought the amulet of Vitality {RegenMP++ Regen++} for 1700
                  | gold pieces
 56796 | Snake:4  | Found the amulet of Vitality {RegenMP++ Regen++}
 58381 | Vaults:2 | Found the +10 zealot's sword {holy, *Rage rN+ EV+3}
 58433 | Vaults:2 | Reached skill level 23 in Earth Magic
 58527 | Vaults:2 | Reached XP level 21. HP: 134/134 MP: 19/38
 58916 | Vaults:2 | Identified the +3 arbalest of Context {elec, rN+}
 60082 | Vaults:3 | Found Biut's Jewellery Shoppe.
 60138 | Vaults:3 | Found Arroebar's Jewellery Boutique.
 60143 | Vaults:3 | Bought the ring "Eplyero" {Contam rPois rF+ rC++ MP+9} for
                  | 1425 gold pieces
 60285 | Vaults:3 | Found a transporter.
 60328 | Vaults:3 | Found a transporter.
 60470 | Vaults:3 | Found a staircase to the Crypt.
 60470 | Vaults:3 | Found a basalt altar of Yredelemnul.
 60478 | Vaults:3 | Reached skill level 24 in Earth Magic
 60487 | Vaults:3 | Found an ancient bone altar of Kikubaaqudgha.
 60899 | Vaults:3 | Identified the ring "Qiniroma" {rElec SInv}
 60925 | Vaults:3 | Identified the +4 sling "Leadul" {vorpal, Fly Will+++ Dex-4
                  | SInv}
 60958 | Vaults:3 | Identified the +6 rapier "Cyufufog" {antimagic, Will- Int+3
                  | Dex+9 SInv}
 60962 | Vaults:3 | Identified the ring "Ziekuoc" {rF+ Int+2 Dex+2 SInv}
 61120 | Vaults:3 | Reached XP level 22. HP: 130/140 MP: 36/40
 61255 | Vaults:4 | Identified the +5 trident "Grim Tooth" {flame, Str+3}
 61329 | Vaults:4 | Reached skill level 15 in Spellcasting
 61339 | Vaults:4 | Found a crumbling gateway.
 61350 | Desolati | Entered the Desolation of Salt
 61412 | Desolati | Identified the +11 sling "Cameirch" {venom, rElec}
 61494 | Desolati | Identified the +1 chain mail of the Trombone {rF- rCorr
                  | Dex+5}
 61634 | Desolati | Identified the ring of Qamie {rPois rF+ Str+3 Int+6}
 61635 | Desolati | Identified the ring "Vacwin" {rF+ Int+4 Dex-5}
 61639 | Desolati | Got the Discourse on the Commander
 61645 | Desolati | Identified the +7 long sword of Attainder {pain, *Noise
                  | rPois Will++}
 61651 | Desolati | Identified the +7 chain mail of the Immovable Knives
                  | {Str+2}
 61771 | Desolati | Identified the ring "Lokaat" {rF+ rN+ Will+}
 61775 | Desolati | Identified the +8 morningstar of the Blowfly {elec, Dex+3}
 62508 | Vaults:4 | Reached skill level 25 in Earth Magic
 62749 | Vaults:4 | Reached skill level 15 in Dodging
 63149 | Vaults:4 | Found the +9 heavy crossbow "Sniper" {vorpal, Acc+∞ SInv}
 63149 | Vaults:4 | Identified the +4 short sword of Skirmishing {vorpal,
                  | Int+3}
 63158 | Vaults:4 | Reached XP level 23. HP: 82/145 MP: 37/42
 63172 | Vaults:4 | Got Sif Muna's Vellum of Dislocation and Shapeshifting
 63559 | Depths:1 | Entered Level 1 of the Depths
 63860 | Depths:1 | Found a gateway to Hell.
 64045 | Depths:1 | Found a portal to a secret trove of treasure.
 64054 | Trove    | Entered a treasure trove
 64064 | Trove    | Got Sif Muna's Tome of Conduction and Malignant Magic
 64076 | Trove    | Got the Almanac of the Virous Iceberg
 64099 | Trove    | Got the Papyrus of Hiemal Generation
 64112 | Trove    | Got the Volume of Turbulent Terrain
 64129 | Depths:1 | Learned a level 3 spell: Swiftness
 64131 | Depths:1 | Learned a level 1 spell: Apportation
 64484 | Depths:2 | Found a white marble altar of Elyvilon.
 64564 | Depths:2 | Paralysed by a vampire knight for 2 turns
 64866 | Depths:2 | Reached skill level 26 in Earth Magic
 65080 | Depths:2 | Noticed Jory
 65082 | Depths:2 | Killed Jory
 65349 | Depths:2 | Identified the +1 chain mail of Tomorrow {Regen+}
 65480 | Depths:2 | Found a one-way gate leading to the halls of Pandemonium.
 65504 | Depths:2 | Found a one-way gateway to a ziggurat.
 65711 | Depths:3 | Noticed a golden dragon
 65721 | Depths:3 | Killed a golden dragon
 65818 | Depths:3 | Noticed a golden dragon
 65823 | Depths:3 | Killed a golden dragon
 65951 | Depths:3 | Reached XP level 24. HP: 156/156 MP: 42/42
 66065 | Depths:3 | Identified the ring of Ovuhi {Ice rCorr Str+4 Int-5 Stlth+}
 66065 | Depths:3 | Noticed Josephina
 66075 | Depths:3 | Killed Josephina
 66077 | Depths:3 | Noticed a juggernaut
 66090 | Depths:3 | Killed a juggernaut
 66108 | Depths:3 | Identified the ring "Pomam" {rElec rC+ Dex+6 Slay+3}
 66727 | Depths:3 | Found a shimmering altar of Xom.
 66727 | Depths:3 | Noticed ragingrage's ghost (veteran GrAr)
 66728 | Depths:3 | Found a runed translucent door.
 66780 | Depths:3 | Noticed Mara
 66786 | Depths:3 | Killed Mara
 66947 | Depths:3 | Found a one-way gate to the infinite horrors of the Abyss.
 67187 | Depths:4 | Entered Level 4 of the Depths
 67558 | Depths:4 | Found Ibey's Antique Armour Shop.
 67561 | Depths:4 | Bought a runed helmet for 225 gold pieces
 67587 | Depths:4 | Found Rotsuize's Antique Weapon Emporium.
 67629 | Depths:4 | Reached skill level 15 in Evocations
 67682 | Depths:4 | Found Simierph's Book Shop.
 67746 | Depths:4 | Reached skill level 27 in Earth Magic
 67806 | Depths:4 | Found Maish's Jewellery Emporium.
 67907 | Depths:4 | Found Piach's Weapon Shoppe.
 68113 | Depths:4 | Noticed a caustic shrike
 68114 | Depths:4 | Noticed a caustic shrike
 68115 | Depths:4 | Noticed a caustic shrike
 68115 | Depths:4 | Noticed a caustic shrike
 68119 | Depths:4 | Killed a caustic shrike
 68126 | Depths:4 | Killed a caustic shrike
 68127 | Depths:4 | Killed a caustic shrike
 68129 | Depths:4 | Killed a caustic shrike
 68323 | Depths:4 | Found a gate to the Realm of Zot.
 68833 | Vaults:5 | Entered Level 5 of the Vaults
 68867 | Vaults:4 | Reached XP level 25. HP: 86/158 MP: 18/42
 68962 | Vaults:5 | Noticed an ancient lich
 68968 | Vaults:5 | Killed an ancient lich
 69159 | Vaults:5 | Acquired the +0 pair of gloves "Hero's Friend" {Contam
                  | Regen+ Int+9 Stlth+}
 69204 | Vaults:5 | Found Umesohab's General Store.
 69212 | Vaults:5 | Bought a potion of lignification for 54 gold pieces
 69212 | Vaults:5 | Bought a scroll of teleportation for 54 gold pieces
 69215 | Vaults:5 | Got a silver rune of Zot
 69224 | Vaults:5 | Noticed an ancient lich
 69229 | Vaults:5 | Killed an ancient lich
 69330 | Vaults:5 | Got the Encyclopedia of Battling and the Gathering
 69433 | Vaults:5 | Identified the +3 ring mail of Yjaohe {Rampage rC- Int+3}
 69670 | Vaults:5 | Got the Exposition on the Evil Arsonist
 69790 | Vaults:5 | Reached skill level 5 in Staves
 70420 | Zot:1    | Entered Level 1 of the Realm of Zot
 71322 | Zot:2    | Got the Vellum of the Cursed Map
 71409 | Zot:2    | Found a transporter.
 71409 | Zot:2    | Noticed Foeck's ghost (veteran TrCK)
 71483 | Zot:2    | Reached XP level 26. HP: 174/174 MP: 39/42
 71603 | Zot:2    | Found a transporter.
 71717 | Zot:2    | Found the +6 arbalest "Damnation" {damnation}
 72097 | Zot:3    | Found the +10 Black Knight's barding {ponderous, rPois rN+}
 72668 | Zot:3    | Identified the +4 war axe "Rupara" {flame, *Slow rElec rC+
                  | Str+5}
 72811 | Zot:3    | Identified the +6 rapier of Voen {vorpal, rElec Will+++
                  | Str-2 SInv}
 73874 | Zot:5    | Entered Level 5 of the Realm of Zot
 74100 | Zot:5    | Noticed a Killer Klown
 74107 | Zot:5    | Killed a Killer Klown
 74367 | Zot:5    | Noticed an ancient lich
 74374 | Zot:5    | Killed an ancient lich
 74375 | Zot:5    | Reached XP level 27. HP: 171/179 MP: 44/44
 74556 | Zot:5    | Noticed an orb of fire
 74558 | Zot:5    | Gained mutation: You are somewhat resistant to further
                  | mutation. [an orb of fire]
 74561 | Zot:5    | Gained mutation: Your body sometimes deteriorates upon
                  | taking damage. [an orb of fire]
 74563 | Zot:5    | Killed an orb of fire
 74610 | Zot:5    | Noticed an orb of fire
 74614 | Zot:5    | Killed an orb of fire
 74666 | Zot:5    | Noticed an orb of fire
 74671 | Zot:5    | Killed an orb of fire
 74744 | Zot:5    | Acquired Xisi's Treatise on the Transformed Snake
 74749 | Zot:5    | Learned a level 2 spell: Wereblood
 74816 | Zot:5    | Noticed an orb of fire
 74820 | Zot:5    | Killed an orb of fire
 74833 | Zot:5    | Got the Orb of Zot
 74906 | Zot:5    | Noticed Queg the pandemonium lord
 74908 | Zot:5    | Noticed an ancient lich
 74911 | Zot:5    | Killed an ancient lich
 74911 | Zot:5    | Killed Queg the pandemonium lord
 75274 | D:7      | Noticed Racaun the pandemonium lord
 75279 | D:7      | Killed Racaun the pandemonium lord
 75356 | D:4      | Noticed Vuuwayx the pandemonium lord
 75362 | D:4      | Killed Vuuwayx the pandemonium lord
 75375 | D:4      | Found the +7 Singing Sword {vorpal, sonic wave}
 75522 | D:$      | Escaped with the Orb!

Illustrated notes

Levels and vault maps discovered:
D:1:      ebering_hopf_link, layout_basic, shapermc_ecumenical_altar_gd
D:2:      layout_rooms, uniq_sigmund, uniq_crazy_yiuf_cottage, uniq_natasha
D:3:      layout_basic, uniq_robin, uniq_terence
D:4:      old_forge, layout_cave_pods, portal_sewer_entry_f,
          serial_column_ruins, column_ruins_square_medium, column_ruins_grid_1,
          column_ruins_corridor_straight, column_ruins_grid_3,
          column_ruins_open_tiny, column_ruins_grid_1, dk_noncrumbling_2,
          minmay_crystal_water
D:5:      cheibrodos_fzero, layout_basic, nicolae_overflow_hallway_of_the_gods,
          minmay_misc_feat_doors, kennysheep_generic_room_5
D:6:      layout_basic, minmay_temple_entry_mini_moons
D:7:      nicolae_cairo_tiling_very_big, layout_cave_pods, zin_purify,
          enter_bailey_3, chequers_jeans
D:8:      layout_cave_pools, chei_slow_surprise, nicolae_overflow_two_pavilions
D:9:      layout_roguey, nicolae_qazlal_style_of_elements, uniq_erolcha
D:10:     layout_irregular_city, david_lair_generic, hiddenorc2_lemuel
D:11:     layout_layer_cave, gauntlet_entry_generic
D:12:     layout_basic, portal_ice_cave_entry_imps, serial_co_window_serial,
          co_window_paths_a, co_window_corner_a, co_window_paths_b,
          co_window_of_opportunity_a, co_window_corner_a, co_window_paths_a,
          co_window_paths_a, co_window_of_opportunity_b,
          co_window_unsneaky_path_c, co_window_broadway_b,
          co_window_unsneaky_path_b, co_window_of_opportunity_b, glass_columns_a
D:13:     layout_roguey, hangedman_vaults_entry_quadrant_bands, serial_shops,
          nicolae_inconvenience_store, shop, nicolae_diamond_shop,
          nzn_random_ring
D:14:     layout_grid_maze, hangedman_abyss_or_decor_slice
D:15:     grunt_enter_depths_giant_problem, layout_cave_pools, xom_redecorated,
          hangedman_abyss_or_decor_stabs, uniq_azrael
Temple:   nicolae_temple_figure_zero
Lair:1:   layout_roguey, lemuel_another_geyser, uniq_joseph, uniq_gastronok
Lair:2:   layout_roguey, skrybe_swamp_entry_bodies, dummy_snake_entry,
          basic_altar, grunt_megastairs_3
Lair:3:   layout_cave_pods
Lair:4:   layout_long_grid, minmay_slime_entry_pillars,
          nicolae_quartered_pool_medium, minivault_11
Lair:5:   gammafunk_lair_ancient_temple, layout_cave_pods, minivault_27,
          nzn_masters_of_martial_movement
Swamp:1:  layout_falls_marsh, evilmike_swamp_ruin_house_1,
          nicolae_swamp_feature_on_the_river_bank
Swamp:2:  layout_basic_swamp, gammafunk_ghost_cemetery,
          evilmike_swamp_ruin_house_5, swamp_pool1
Swamp:3:  layout_basic_swamp, evilmike_swamp_ruin_wall, swamp_pool3
Swamp:4:  swamp_basic_johnstein, layout_basic_swamp, worms_lemuel
Snake:1:  layout_misc_corridors, grunt_megastairs_5
Snake:2:  layout_cave_pods, nicolae_fountain_basement, serial_bayou_shore_b,
          minmay_shop_grove
Snake:3:  layout_grid_maze
Snake:4:  snake_pit_salamanders_mu, layout_rooms, serial_shops, shop, shop,
          nicolae_diamond_shop, shop_statue, shop_statue
Orc:1:    layout_caves, basic_altar, nicolae_orc_bridge_out, minmay_orc_treasury
Orc:2:    st_orc_elflike, layout_caves, nicolae_volcano_entry_s_turn,
          uniq_jorgrun
Elf:1:    kennysheep_bubbly, layout_loops_cross,
          hangedman_elven_crosses_minicolossus
Elf:2:    nicolae_elf_blades_crystal_corner, layout_loops_ring,
          nicolae_gammafunk_elf_defective_weapons_storage
Vaults:1: nicolae_vaults_statue_guard, v_rooms_2, v_misc_19,
          nicolae_vaults_little_squares_6, nicolae_vaults_shelves_hall,
          nicolae_vaults_puzzle_piece, ontoclasm_vaults_ring_small, v_rooms_3,
          vaults_room_stairs_pillars, grunt_vaults_focal,
          nicolae_vaults_network_star, vaults_standard_mumra_lines,
          ontoclasm_vaults_pinch, layout_vaults_omnibox, serial_glass
Vaults:2: hangedman_vaults_slither, nicolae_vaults_murderbox,
          vaults_dpeg_diagonal, nicolae_vaults_triangles,
          nicolae_vaults_border_crossing, nicolae_vaults_yaktaur_gun_rack,
          layout_vaults_omnigrid
Vaults:3: v_misc_24, minmay_crypt_entry_necro_gods, gammafunk_dig_for_victory,
          ontoclasm_vaults_shuriken, v_misc_14,
          nicolae_vaults_network_periphery, nicolae_vaults_what_the_h,
          hangedman_vaults_restitches, hangedman_vaults_maws, vaults_room_pool,
          dpeg_vaults_monster_row, grunt_vaults_hallway_short, vaults_mumra_lcd,
          layout_vaults_big_cross, serial_shops, shop_coins, shop
Vaults:4: portal_desolation_entry_nicolae_nacl, ontoclasm_vaults_spin,
          nicolae_vaults_stairing_the_circle, grunt_vaults_funnel,
          minmay_guarded_unrand_secular_launcher, hangedman_vaults_locks,
          nicolae_vaults_little_squares_6, v_pattern_2,
          nicolae_vaults_rhombus_5, vaults_standard_mumra_enter_the_diamond,
          v_alt_pattern_1, ontoclasm_vaults_decontamination,
          layout_vaults_chaotic_city
Vaults:5: serial_shops
Depths:1: layout_forbidden_donut, pf_coc_iceberg, serial_sigils_hangedman_snap,
          nicolae_trove_entry_isolated, grunt_decor_one_mirror,
          serial_bayou_crossing
Depths:2: due_jory_tower, layout_cave_shapes, enter_ziggurat_a,
          lemuel_round_altar, rand_demon_pan_entry_7, hell_entry
Depths:3: minmay_bad_star, layout_honeycomb, abyss_entry, hell_entry,
          ebering_ghost_xom, minmay_misc_feat_chi, serial_bayou_pond_d,
          hangedman_abyss_or_decor_jellyfish_corner,
          infiniplex_staircase_trident, uniq_mara, uniq_josephina
Depths:4: evilmike_zot_entry_round, layout_cave_shapes,
          marbit_kobold_abyss_entry, hell_entry, serial_shops, shop,
          nicolae_shop_behind_doors, shop,
          nicolae_shop_temple_entry_statues_fountains, shop
Zot:1:    layout_gridlike, grunt_megastairs_4
Zot:2:    layout_basic, gammafunk_ghost_arena, grunt_ministairs_12
Zot:3:    layout_gridlike
Zot:4:    layout_misc_corridors
Zot:5:    layout_gridlike

Skill      XL: |  1  2  3  4  5  6  7  8  9 10 11 12 13 14 15 16 17 18 19 20 21 22 23 24 25 26 27 |
---------------+----------------------------------------------------------------------------------+-----
Earth Magic    | 4 5 6 7 9 11 13 15 16 17 18 19 20 21 22 23 24 25 26 27 | 27.0
Stealth        | 3 4 5 7 10 12 | 12.4
Spellcasting   | 3 4 5 7 8 10 12 13 14 15 17 18 | 18.4
Fighting       | 3 7 10 12 13 15 17 19 20 | 20.0
Conjurations   | 3 7 9 11 13 14 15 17 19 | 19.3
Dodging        | 2 5 7 8 10 11 12 14 15 16 17 18 | 18.5
Evocations     | 4 6 9 10 11 13 17 18 | 18.6
Translocations | 3 4 |  4.0
Hexes          | 3 4 |  4.0
Staves         | 3 4 5 |  5.0
Transmutations | |  0.7

Action                   |  1- 3 |  4- 6 |  7- 9 | 10-12 | 13-15 | 16-18 | 19-21 | 22-24 | 25-27 || total
-------------------------+-------+-------+-------+-------+-------+-------+-------+-------+-------++-------
Melee: Unarmed           |     4 |       |       |       |       |       |       |       |       ||     4
       Quarterstaff      |     8 |       |       |       |       |       |    12 |       |       ||    20
       Halberd           |       |    18 |    32 |    25 |    83 |    24 |       |       |       ||   182
       Staff             |       |       |       |       |       |       |    80 |    92 |    32 ||   204
       Punch             |       |       |       |       |       |       |     1 |     1 |     1 ||     3
 Cast: Sandblast         |    39 |    50 |   166 |    71 |    28 |     6 |       |       |       ||   360
       Stone Arrow       |       |       |       |   290 |   514 |   356 |   167 |    58 |     3 ||  1388
       Petrify           |       |       |       |     7 |    26 |     1 |     9 |       |       ||    43
       Lee's Rapid Decon |       |       |       |    11 |    77 |   182 |   289 |   197 |    81 ||   837
       Iron Shot         |       |       |       |       |   124 |   228 |   203 |   125 |   205 ||   885
       Leda's Liquefacti |       |       |       |       |       |     4 |    42 |    29 |    32 ||   107
       Dazzling Flash    |       |       |       |       |       |     9 |     4 |     3 |       ||    16
       Blink             |       |       |       |       |       |     3 |     4 |     1 |     2 ||    10
       Lehudib's Crystal |       |       |       |       |       |       |    46 |   129 |   194 ||   369
       Apportation       |       |       |       |       |       |       |     2 |       |       ||     2
       Shatter           |       |       |       |       |       |       |    26 |    54 |    48 ||   128
       Swiftness         |       |       |       |       |       |       |       |     7 |    17 ||    24
       Wereblood         |       |       |       |       |       |       |       |       |     1 ||     1
Evoke: Wand              |       |       |       |    19 |    17 |     6 |    13 |       |       ||    55
       Phial of floods   |       |       |       |       |     2 |       |       |       |       ||     2
       Lightning rod     |       |       |       |       |     4 |     5 |       |       |       ||     9
       Condenser vane    |       |       |       |       |       |       |     1 |       |       ||     1
  Use: Scroll            |       |     5 |     5 |    13 |     5 |    10 |     8 |     6 |     8 ||    60
       Potion            |       |       |     4 |     3 |     1 |     5 |     2 |     6 |       ||    21
 Stab: Sleeping          |       |     1 |       |       |       |       |       |       |       ||     1
       Distracted        |       |       |       |     1 |       |       |       |       |       ||     1
       Petrified         |       |       |       |       |     8 |       |       |       |       ||     8
       Invisible         |       |       |       |       |       |       |     1 |     1 |       ||     2
Armor: Robe              |    14 |    11 |    81 |    32 |       |       |   122 |   176 |   108 ||   544
       Steam dragon scal |       |       |       |    89 |   167 |       |       |       |       ||   256
       Quicksilver drago |       |       |       |       |   104 |   202 |   107 |       |       ||   413
Dodge: Dodged            |    26 |    19 |   135 |   130 |   357 |   225 |   232 |   249 |   150 ||  1523

Table legend: (Time is in decaauts)
 A = Elapsed time spent in this place.
 B = Non-inter-level travel time spent in this place.
 C = Inter-level travel time spent in this place.
 D = Time resting spent in this place.
 E = Time spent auto-exploring this place.
 F = Levels seen in this place.
 G = Mean time per level.
                   A        B        C        D        E       F      G
               +--------+--------+--------+--------+--------+-----+--------+
         Total |  76712 |  71104 |   5608 |  16328 |  41860 |  50 | 1534.2 |
       Dungeon |  22877 |  20768 |   2109 |   4423 |  12957 |  15 | 1525.1 |
        Temple |    142 |    119 |     23 |      0 |    116 |   1 |  142.0 |
          Lair |  10676 |   9914 |    762 |   2852 |   5916 |   5 | 2135.2 |
         Swamp |   5220 |   4980 |    240 |   1664 |   2017 |   4 | 1305.0 |
     Snake Pit |   9352 |   8505 |    847 |   3069 |   4118 |   4 | 2338.0 |
  Orcish Mines |   5052 |   4819 |    233 |   1352 |   2662 |   2 | 2526.0 |
   Elven Halls |   3821 |   3747 |     74 |   1134 |   1989 |   2 | 1910.5 |
        Vaults |   7984 |   7148 |    836 |    674 |   4933 |   5 | 1596.8 |
        Depths |   5221 |   4940 |    281 |    457 |   3386 |   4 | 1305.2 |
           Zot |   4724 |   4525 |    199 |    557 |   2731 |   5 |  944.8 |
         Trove |     74 |     74 |      0 |      0 |     44 |   1 |   74.0 |
         Sewer |   1007 |   1007 |      0 |    100 |    706 |   1 | 1007.0 |
    Desolation |    556 |    556 |      0 |     43 |    283 |   1 |  556.0 |
               +--------+--------+--------+--------+--------+-----+--------+

Top non-repeatable levels by time:
    D:10: 3571 daAuts
 Snake:4: 3011 daAuts
   Orc:1: 2783 daAuts
  Lair:2: 2722 daAuts
 Snake:1: 2396 daAuts
  Lair:4: 2362 daAuts
   Orc:2: 2269 daAuts
 Snake:2: 2220 daAuts
  Lair:1: 2198 daAuts
 Swamp:4: 2144 daAuts
   Elf:2: 2113 daAuts
Vaults:3: 2031 daAuts
    D:14: 1979 daAuts
  Lair:5: 1887 daAuts
     D:9: 1880 daAuts
